 Dungeon Sprint DCSS version 0.27.0-66-gdc8fb28755 (webtiles) character file.

Game seed: 7412456100539687939

4559 styxcanada the Imperceptible (level 10, 0/55 HPs)
             Began as a Spriggan Brigand on Aug 20, 2021.
             Was an Initiate of Gozag.
             Slain by a demonic crawler (2 damage)
             ... in the Dungeon (Sprint IV: "Fedhas' Mad Dash").
             The game lasted 00:14:11 (2589 turns).

styxcanada the Imperceptible (Spriggan Brigand)     Turns: 2589, Time: 00:14:11

Health: 0/55       AC:  7    Str: 10    XL:     10   Next: 18%
Magic:  11/11      EV: 25    Int: 14    God:    Gozag
Gold:   67         SH:  8    Dex: 19    Spells: 9/9 levels left

rFire    + + .     SeeInvis +   r - +2 rapier (freeze)
rCold    . . .     Faith    .   l - +0 buckler
rNeg     . . .     Spirit   .   b - +0 robe
rPois    +         Reflect  .   q - +2 hat of Absolutism {-Tele Rampage Str+3}
rElec    +         Harm     .   p - +2 cloak {Stlth+}
rCorr    +         Rampage  +   (gloves unavailable)
Will     +....     NoTele   +   (boots unavailable)
Stlth    +++++++++.             j - amulet of invisibility {+Inv}
HPRegen  0.18/turn              o - ring of fire
MPRegen  0.12/turn              (no ring)

@: mighty, resistant, very slightly contaminated, hasted, very quick
A: very small, no large weapons, unfitting armour, see invisible, speed 3
a: Renounce Religion, Evoke Invisibility, Potion Petition, Call Merchant, Bribe
Branch


You were in the Dungeon.
You worshipped Gozag.
Gozag was noncommittal.
You visited 1 branch You collected 2074 gold pieces.
You spent 1503 gold pieces at shops.
You paid 504 gold pieces to Gozag.

Inventory:

Hand Weapons
 a - a +2 dagger
 r - a +2 rapier of freezing (weapon)
Missiles
 d - 5 poisoned darts (quivered)
 m - 40 stones
Armour
 b - a +0 robe (worn)
 l - a +0 buckler (worn)
 p - a +2 cloak of stealth (worn)
 q - the +2 hat of Absolutism (worn) {-Tele Rampage Str+3}
   (You acquired it in the Dungeon)

   Str:       It affects your strength (+3).
   -Tele:     It prevents most forms of teleportation.
   Rampage:   It bestows one free step when moving towards enemies.
Jewellery
 j - the amulet of invisibility (around neck) {+Inv}
   (You found it in the Dungeon)

   [amulet of nothing]

   +Inv:      It lets you turn invisible.
 o - a ring of fire (left hand)
Scrolls
 k - a scroll of blinking
 n - a scroll of identify
Potions
 h - a potion of haste
 i - 2 potions of magic


   Skills:
 * Level 7.1 Fighting
 + Level 9.0 Short Blades
 + Level 5.1 Throwing
 * Level 10.6 Dodging
 * Level 21.8 Stealth
 * Level 5.5 Shields
 * Level 11.5 Evocations


You had 9 spell levels left.
You didn't know any spells.
Your spell library contained the following spells:

 Spells                   Type           Power      Damage    Failure   Level
 Shock                    Conj/Air       0%         1d3       32%         1
 Swiftness                Air            0%         N/A       67%         3
 Airstrike                Air            0%         N/A       97%         4


Dungeon Overview and Level Annotations

Branches:
Dungeon (1/1)

Altars:
Cheibriados
Dithmenos
Elyvilon
Gozag
Hepliaklqana
Kikubaaqudgha
Makhleb
Nemelex Xobeh
Okawaru
Qazlal
Ru
Sif Muna
Trog
Uskayaw
Vehumet
Wu Jian
Xom
Yredelemnul
Zin
The Shining One
Beogh
Jiyva
Lugonu

Shops:
D ?:*(


Innate Abilities, Weirdness & Mutations

You are very small and have problems with some larger weapons.
You are too small for most types of armour.
You have supernaturally acute eyesight. (SInv)
You cover ground extremely quickly. (Speed+++)


Message History

You hit the demonic crawler but do no damage.
The demonic crawler is severely wounded.
The demonic crawler misses you.
The demonic crawler barely misses you. x2
You puncture the demonic crawler!
The demonic crawler is severely wounded.
The demonic crawler barely misses you. The demonic crawler hits you. x2
* * * LOW HITPOINT WARNING * * *
You barely miss the demonic crawler.
The demonic crawler is severely wounded.
The demonic crawler hits you.
* * * LOW HITPOINT WARNING * * *
The demonic crawler barely misses you. The demonic crawler hits you.
* * * LOW HITPOINT WARNING * * *
You closely miss the demonic crawler.
The demonic crawler is severely wounded.
The demonic crawler barely misses you. The demonic crawler misses you.
The demonic crawler completely misses you.
Okay, then. [a] - 504 gold - resistance, might and haste [b] - 176 gold - might and brilliance [c] - 500 gold - haste and resistance Purchase which effect?
You no longer have enough gold to petition Gozag for potion effects.
You feel protected.
You feel very mighty all of a sudden.
You feel yourself speed up. You block the demonic crawler's attack.
The demonic crawler hits you!
* * * LOW HITPOINT WARNING * * *
The demonic crawler misses you.
You hit the demonic crawler.
The demonic crawler is severely wounded.
The demonic crawler closely misses you.
The demonic crawler completely misses you.
The demonic crawler closely misses you.
You hit the demonic crawler but do no damage.
The demonic crawler is severely wounded.
You barely miss the demonic crawler.
The demonic crawler is severely wounded.
The demonic crawler hits you.
You die...
Your body crumbles into a pile of gold.

#################################
†÷.#.....#.....#.⌠._._._._.⌠.#.['
P..'.)...'.#...'.._._._._._..'..#
PPP#.....#.#...#..._._._._...#..#
#############'##.._._._._._..#..#
..♣........'...#._._._._._.⌠.####
.....♣.....#...##################
....♣..♣..######♣♣♣♣♣..♣[###.'.('
'####'######.['.@s((.♣.s♣##..#..#
.#....'.......#♣..♣♣♣.♣).###.##+#
)#.)###.......#.♣♣..♣...♣'.(.#
##### ########## #############


You could see a demonic crawler.

Vanquished Creatures
  A spriggan druid (D)
  6 oklob plants (D)
  3 burning bushes (D)
  A queen bee (D)
  3 wandering mushrooms (D)
  3 scorpions (D)
  4 killer bees (D)
  5 oklob saplings (D)
  2 spriggans (D)
  A river rat (D)
  A rat (D)
  A ballistomycete spore (D)
31 creatures vanquished.

Vanquished Creatures (others)
  A fungus (D)
1 creature vanquished.

Grand Total: 32 creatures vanquished

Notes
Turn   | Place    | Note
-------+----------+-------------------------------------------
     0 | D        | styxcanada the Spriggan Brigand began the quest for the
                  | Orb.
     0 | D        | Reached XP level 1. HP: 10/10 MP: 2/2
    17 | D        | Reached skill level 6 in Stealth
    19 | D        | Reached skill level 7 in Stealth
    19 | D        | Reached XP level 2. HP: 2/15 MP: 3/3
   280 | D        | Noticed an oklob sapling
   285 | D        | Killed an oklob sapling
   286 | D        | Reached skill level 9 in Stealth
   286 | D        | Reached XP level 3. HP: 19/19 MP: 4/4
   331 | D        | Found the amulet of invisibility {+Inv}
   331 | D        | Noticed a scorpion
   333 | D        | Killed a scorpion
   334 | D        | Reached skill level 11 in Stealth
   334 | D        | Reached XP level 4. HP: 23/23 MP: 5/5
   361 | D        | Found an opulent altar of Gozag.
   361 | D        | Found a hazy altar of Hepliaklqana.
   361 | D        | Found a burning altar of Makhleb.
   361 | D        | Found a sparkling altar of Nemelex Xobeh.
   361 | D        | Found a snail-covered altar of Cheibriados.
   361 | D        | Found a sacrificial altar of Ru.
   361 | D        | Found a shimmering blue altar of Sif Muna.
   361 | D        | Found a shimmering altar of Xom.
   361 | D        | Found a basalt altar of Yredelemnul.
   362 | D        | Found a viscous altar of Jiyva.
   362 | D        | Found a bloodstained altar of Trog.
   362 | D        | Found an ornate altar of the Wu Jian Council.
   363 | D        | Found an iron altar of Okawaru.
   363 | D        | Found a shadowy altar of Dithmenos.
   363 | D        | Found a glowing silver altar of Zin.
   364 | D        | Found an ancient bone altar of Kikubaaqudgha.
   364 | D        | Found a hide-covered altar of Uskayaw.
   365 | D        | Found a stormy altar of Qazlal.
   365 | D        | Found a white marble altar of Elyvilon.
   365 | D        | Found a glowing golden altar of the Shining One.
   366 | D        | Became a worshipper of Gozag Ym Sagoz the Greedy
   367 | D        | Found a corrupted altar of Lugonu.
   367 | D        | Found a radiant altar of Vehumet.
   371 | D        | Reached skill level 13 in Stealth
   371 | D        | Reached XP level 5. HP: 28/28 MP: 3/6
   426 | D        | Reached skill level 14 in Stealth
   427 | D        | Reached skill level 5 in Dodging
   429 | D        | Reached skill level 15 in Stealth
   429 | D        | Reached XP level 6. HP: 33/33 MP: 5/7
   494 | D        | Found Quelocs's Book Shop.
   495 | D        | Found Iforesei's Magic Scroll Emporium.
   500 | D        | Bought a scroll of identify for 26 gold pieces
   605 | D        | Noticed a burning bush
   605 | D        | Noticed a wandering mushroom
   606 | D        | Noticed a wandering mushroom
   610 | D        | Killed a wandering mushroom
   611 | D        | Reached skill level 16 in Stealth
   611 | D        | Reached skill level 1 in Shields
   611 | D        | Reached skill level 5 in Evocations
   611 | D        | Killed a wandering mushroom
   612 | D        | Reached skill level 17 in Stealth
   612 | D        | Reached XP level 7. HP: 38/38 MP: 5/8
   614 | D        | Reached skill level 18 in Stealth
   799 | D        | Found Fopym's Assorted Antiques.
   800 | D        | Found Zismilu's Antique Weapon Emporium.
   803 | D        | Bought a glass ring for 125 gold pieces
  1449 | D        | Reached skill level 5 in Throwing
  1455 | D        | Noticed a queen bee
  1462 | D        | Killed a queen bee
  1463 | D        | Reached skill level 5 in Fighting
  1463 | D        | Reached XP level 8. HP: 43/43 MP: 7/9
  1471 | D        | Reached skill level 19 in Stealth
  1534 | D        | Bought a scroll of acquirement for 676 gold pieces
  1534 | D        | Acquired the +2 hat of Absolutism {-Tele Rampage Str+3}
  1630 | D        | HP: 2/43 [burning bush/puff of flame (6)]
  2113 | D        | Noticed an oklob plant
  2116 | D        | Killed an oklob plant
  2117 | D        | Reached skill level 5 in Short Blades
  2130 | D        | Noticed a burning bush
  2133 | D        | Killed a burning bush
  2168 | D        | Noticed a burning bush
  2168 | D        | Noticed an oklob plant
  2169 | D        | Noticed a wandering mushroom
  2170 | D        | Killed a burning bush
  2171 | D        | Reached XP level 9. HP: 48/48 MP: 7/10
  2173 | D        | Killed an oklob plant
  2174 | D        | Reached skill level 20 in Stealth
  2175 | D        | Killed a wandering mushroom
  2180 | D        | Identified the -5 tower shield "Yhinet" {Int+6}
  2246 | D        | Noticed a spriggan druid
  2247 | D        | Killed a spriggan druid
  2248 | D        | Reached skill level 10 in Evocations
  2308 | D        | Bought a scroll of acquirement for 676 gold pieces
  2308 | D        | Acquired a +2 cloak of stealth
  2352 | D        | Killed a burning bush
  2353 | D        | Reached skill level 10 in Dodging
  2353 | D        | Reached skill level 21 in Stealth
  2353 | D        | Reached skill level 5 in Shields
  2426 | D        | Noticed an oklob plant conjurer
  2427 | D        | Killed an oklob plant conjurer
  2500 | D        | Noticed an oklob plant
  2500 | D        | Noticed an oklob plant summoner
  2501 | D        | Noticed an oklob plant shifter
  2505 | D        | Killed an oklob plant
  2506 | D        | Reached XP level 10. HP: 53/53 MP: 8/11
  2506 | D        | Killed an oklob plant summoner
  2509 | D        | Killed an oklob plant shifter
  2586 | D        | HP: 2/55 [demonic crawler (7)]
  2589 | D        | Slain by a demonic crawler

Illustrated notes

Levels and vault maps discovered:
D:        dungeon_sprint_fedhas [sprint_temple]

Skill      XL: |  1  2  3  4  5  6  7  8  9 10 |
---------------+-------------------------------+-----
Stealth        | 7 9 11 13 15 17 18 19 21 | 21.8
Fighting       | 2 3 4 5 6 7 |  7.1
Dodging        | 2 3 4 5 6 7 8 10 | 10.6
Throwing       | 3 4 5 |  5.1
Short Blades   | 3 4 6 8 9 |  9.0
Evocations     | 2 3 5 6 8 11 | 11.5
Shields        | 2 4 5 |  5.5

Action                   |  1- 3 |  4- 6 |  7- 9 | 10-12 || total
-------------------------+-------+-------+-------+-------++-------
Melee: Dagger            |    13 |     8 |   120 |     3 ||   144
       Short sword       |       |       |    10 |       ||    10
       Rapier            |       |       |    27 |    28 ||    55
Throw: Dart              |     9 |       |       |     5 ||    14
Invok: Potion Petition   |       |       |       |     1 ||     1
 Abil: Evoke Invisibilit |       |     3 |     8 |       ||    11
  Use: Potion            |     1 |       |       |     2 ||     3
       Scroll            |       |       |     2 |       ||     2
 Stab: Sleeping          |     1 |     7 |    15 |     2 ||    25
       Distracted        |       |       |     1 |       ||     1
       Invisible         |       |       |     1 |       ||     1
Armor: Robe              |       |       |       |     5 ||     5
Dodge: Dodged            |     4 |     1 |    22 |    48 ||    75
Block: Buckler           |       |       |     8 |    16 ||    24
